 Dungeon Crawl Stone Soup version 0.24-a0-537-g2d01d4ab0a (webtiles) character file.

Game seed: 9698181367615228068

96 Delarado the Changer (level 4, 0/28 HPs)
             Began as an Octopode Transmuter on Aug 16, 2019.
             Slain by an orc (2 damage)
             ... on level 4 of the Dungeon.
             The game lasted 00:07:08 (3050 turns).

Delarado the Changer (Octopode Transmuter)          Turns: 3050, Time: 00:07:09

Health: 0/28       AC:  1    Str:  9    XL:     4   Next: 67%
Magic:  3/7        EV: 14    Int: 16    God:
Gold:   138        SH:  0    Dex: 20    Spells: 1/7 levels left

rFire    . . .     SeeInvis .     - Unarmed
rCold    . . .     Gourm    .   (no shield)
rNeg     . . .     Faith    .   (helmet restricted)
rPois    .         Spirit   .   s - amulet of regeneration
rElec    .         Reflect  .   o - +5 ring of dexterity
rCorr    .         Harm     .   t - +3 ring of dexterity
MR       .....                  (no ring)
Stlth    +++.......             (no ring)
HPRegen  0.49/turn              (no ring)
MPRegen  0.10/turn              (no ring)
                                (no ring)
                                (no ring)

@: no status effects
A: almost no armour, stealthy swim, amphibious, 8 rings, constrict 8, camouflage
1, gelatinous body 1
a: no special abilities


You were on level 4 of the Dungeon.
You were not hungry.

You visited 1 branch of the dungeon, and saw 4 of its levels.

You collected 138 gold pieces.

Inventory:

Missiles
 a - 7 arrows
 d - 44 stones (quivered)
Jewellery
 b - an uncursed amulet of guardian spirit
 o - a +5 ring of dexterity (left tentacle)
 s - an amulet of regeneration (around mantle)
 t - a +3 ring of dexterity (right tentacle)
Scrolls
 e - a scroll of enchant weapon {unknown}
 g - 2 scrolls of remove curse {unknown}
 h - a scroll of magic mapping {unknown}
 k - 2 scrolls of immolation {unknown}
 l - a scroll of random uselessness {unknown}
 r - a scroll of identify {unknown}
Potions
 f - a potion of haste {unknown}
 i - a potion of brilliance {unknown}
 j - 2 potions of flight {unknown}
 m - a potion of might {unknown}
 n - a potion of invisibility {unknown}
 p - a potion of curing {unknown}
Comestibles
 c - 6 rations
 q - 4 chunks of flesh


   Skills:
 - Level 1.0 Fighting
 - Level 2.0 Dodging
 - Level 3.0 Unarmed Combat
 - Level 2.0 Spellcasting
 + Level 4.1 Transmutations
 + Level 2.3 Poison Magic


You had one spell level left.
You knew the following spells:

 Your Spells              Type           Power        Failure   Level  Hunger
a - Beastly Appendage     Tmut           ##....       3%          1    #......
b - Sticks to Snakes      Tmut           ##......     5%          2    ###....
c - Spider Form           Tmut/Pois      ##........   16%         3    ###....

Your spell library contained the following spells:

 Spells                   Type           Power        Failure   Level  Hunger
 Ice Form                 Ice/Tmut       #.......     65%         4    #####..
 Blade Hands              Tmut           ##........   71%         5    ######.


Dungeon Overview and Level Annotations

Branches:
Dungeon (4/15)
 Temple: D:4-7

Altars:


Innate Abilities, Weirdness & Mutations

You cannot wear most types of armour.
You are very stealthy in the water. (Stealth+)
You are amphibious.
You can wear up to eight rings at the same time.
You can use your tentacles to constrict eight enemies at once.
Your skin changes colour to match your surroundings (Stealth+).
Your rubbery body absorbs attacks. (AC +1, EV +1)


Message History

The orc throws a boomerang of dispersal.
The boomerang of dispersal misses you. The orc hits you.
The orc hits you with a +0 trident!
Items here: )) [ ÷ † a +0 flail; a +0 leather armour; a +0 club; an orc corpse; an orc skeleton You closely miss the orc.
Your grab misses the orc. Your squeeze misses the orc. The orc hits you.
The orc hits you with a +0 trident!
* * * LOW HITPOINT WARNING * * *
You barely miss the orc. You grab the orc. You squeeze the orc.
The orc is heavily wounded.
You constrict the orc. The orc hits you.
* * * LOW HITPOINT WARNING * * *
Your ball python bites the orc but does no damage.
The orc barely misses your ball python.
You tentacle-slap the orc but do no damage.
The orc is severely wounded.
You constrict the orc, but do no damage.
Your ball python bites the orc.
The orc hits you.
You die...

#.## #..........
.....##..........
#................#
.....#...........#
#... ###........##
#.. #..........#
## #..........#
#..oo......#
#..@S.[....#
#..<.......#
##........##
##......##
########


You could see 2 orcs and a friendly ball python.

Vanquished Creatures
  2 adders (D:3)
  An ooze (D:1)
  2 dart slugs (D:1)
  5 leopard geckos
  4 orcs
  A giant cockroach (D:1)
  7 goblins
  4 hobgoblins
  3 jackals (D:1)
  3 kobolds
  A quokka (D:3)
  A ball python (D:2)
  4 bats
  A frilled lizard (D:3)
  3 rats (D:1)
42 creatures vanquished.

Vanquished Creatures (collateral kills)
  A worker ant (D:4)
1 creature vanquished.

Grand Total: 43 creatures vanquished

Notes
Turn   | Place    | Note
-------+----------+-------------------------------------------
     0 | D:1      | Delarado the Octopode Transmuter began the quest for the
                  | Orb.
     0 | D:1      | Reached XP level 1. HP: 13/13 MP: 3/3
   326 | D:1      | Reached XP level 2. HP: 18/18 MP: 5/5
   337 | D:1      | Learned a level 2 spell: Sticks to Snakes
   482 | D:1      | Reached skill level 3 in Transmutations
   782 | D:1      | Reached XP level 3. HP: 23/23 MP: 4/6
   878 | D:1      | Learned a level 3 spell: Spider Form
  1444 | D:2      | Reached skill level 1 in Poison Magic
  2593 | D:3      | Reached XP level 4. HP: 28/28 MP: 5/7
  2634 | D:3      | Reached skill level 4 in Transmutations
  3050 | D:4      | Slain by an orc

Levels and vault maps discovered:
D:1:      minmay_arrival_stair_chambers, layout_basic
D:2:      layout_basic, first_ration
D:3:      layout_rooms
D:4:      layout_rooms

Skill      XL: |  1  2  3  4 |
---------------+-------------+-----
Transmutations | 3 4 |  4.1
Poison Magic   | 1 2 |  2.3
Fighting       | |  1.0
Dodging        | |  2.0
Unarmed Combat | |  3.0
Spellcasting   | |  2.0

Action                   |  1- 3 |  4- 6 || total
-------------------------+-------+-------++-------
Melee: Unarmed           |    84 |    26 ||   110
       Constrict         |    22 |     6 ||    28
       Kick              |    13 |     4 ||    17
       Tentacles         |    12 |     5 ||    17
Throw: Stone             |    10 |     5 ||    15
 Cast: Beastly Appendage |    13 |     4 ||    17
       Sticks to Snakes  |       |     5 ||     5
 Stab: Sleeping          |     3 |       ||     3
  Eat: Chunk             |     5 |     2 ||     7
Armor: Skin              |     8 |     4 ||    12
Dodge: Dodged            |    57 |    18 ||    75

Table legend:
 A = Non-vault XP
 B = Vault XP
 C = Vault XP percentage of total XP
 D = Non-vault monster count
 E = Vault monster count
 F = Vault count percentage of total count
                 A         B        C        D         E       F
            +---------+---------+-------+---------+---------+-------
      Total |     138 |       0 |   0.0 |      43 |       0 |   0.0
            +---------+---------+-------+---------+---------+-------
        D:1 |      47 |       0 |   0.0 |      21 |       0 |   0.0
        D:2 |      19 |       0 |   0.0 |      10 |       0 |   0.0
        D:3 |      43 |       0 |   0.0 |       9 |       0 |   0.0
        D:4 |      29 |       0 |   0.0 |       3 |       0 |   0.0
            +---------+---------+-------+---------+---------+-------
